 Dungeon Crawl Stone Soup version 0.31-a0-369-g8eba5f6939 (webtiles) character file.

Game seed: 10805673047785595264

625 RepHenryClay the Destroyer (level 7, -3/36 HPs)
             Began as a Deep Elf Hedge Wizard on July 29, 2023.
             Was an Initiate of Sif Muna.
             Slain by Edmund
             ... wielding a +1 heavy flail
              (11 damage)
             ... on level 5 of the Dungeon.
             The game lasted 00:08:17 (5029 turns).

RepHenryClay the Destroyer (Deep Elf Hedge Wizard)  Turns: 5029, Time: 00:08:17

Health: -3/36      AC:  4    Str:  7    XL:     7   Next: 23%
Magic:  14/15      EV: 12    Int: 21    God:    Sif Muna [......]
Gold:   216        SH:  0    Dex: 14    Spells: 8/14 levels left

rFire   . . .        a - +0 demon blade (elec)
rCold   . . .        (no shield)
rNeg    . . .        b - +0 robe
rPois   .            c - +0 hat
rElec   .            j - scarf {+Inv}
rCorr   .            f - +0 pair of gloves
SInv    .            d - +0 pair of boots
Will    +....        B - amulet of the acrobat
Stlth   +            x - ring of flight
HPRegen 0.26/turn    (no ring)
MPRegen 0.14/turn

%: acrobat
@: confused, ambrosia-drunk, enlightened, flying
A: no striking features
a: Renounce Religion, Evoke Invisibility


You were on level 5 of the Dungeon.
You worshipped Sif Muna.
Sif Muna was noncommittal.
You visited 2 branches of the dungeon, and saw 6 of its levels.

You collected 216 gold pieces.

Inventory:

Hand Weapons
 a - a +0 demon blade of electrocution (weapon)
 h - a +4 dagger
 o - a +0 dagger
Armour
 b - a +0 robe (worn)
 c - a +0 hat (worn)
 d - a +0 pair of boots (worn)
 f - a +0 pair of gloves (worn)
 j - a scarf of invisibility (worn)
 A - a +1 leather armour of fire resistance
Magical Staves
 w - a staff of air
 D - a staff of fire
Jewellery
 x - a ring of flight (left hand)
 B - an amulet of the acrobat (around neck)
Wands
 q - a wand of paralysis (2)
 y - a wand of flame (13)
Scrolls
 e - 5 scrolls of identify {unknown}
 g - 3 scrolls of enchant weapon {unknown}
 i - 3 scrolls of teleportation {unknown}
 k - 3 scrolls of revelation {unknown}
 l - a scroll of immolation {unknown}
 p - 2 scrolls of amnesia {unknown}
 s - 3 scrolls of vulnerability {unknown}
 u - a scroll of blinking {unknown}
 v - a scroll of butterflies {unknown}
 C - a scroll of enchant armour {unknown}
Potions
 m - 2 potions of curing
 r - a potion of enlightenment
 t - a potion of berserk rage {unknown}
 z - a potion of mutation {unknown}


   Skills:
 - Level 2.4 Dodging
 - Level 2.4 Stealth
 - Level 4.4 Spellcasting
 + Level 8.6 Conjurations
 - Level 1.1 Summonings
 - Level 1.1 Translocations


You had 8 spell levels left.
You knew the following spells:

 Your Spells              Type           Power      Damage    Failure   Level
a - Magic Dart            Conj           100%       1d8       1%          1
c - Mephitic Cloud        Conj/Pois/Air  16%        N/A       11%         3
Q - Blink                 Tloc           18%        N/A       11%         2

Your spell library contained the following spells:

 Spells                   Type           Power      Damage    Failure   Level
 Call Imp                 Summ           18%        N/A       11%         2
 Slow                     Hex            16%        N/A       12%         1
 Cigotuvi's Dreadful Rot  Necr/Pois/Air  8%         N/A       17%         2
 Ignite Poison            Fire/Tmut/Pois 4%         N/A       34%         3
 Freezing Cloud           Conj/Ice/Air   8%         6-21      69%         5


Dungeon Overview and Level Annotations

Branches:
Dungeon (5/15)             Temple (1/1) D:4

Altars:
Ashenzari
Cheibriados
Dithmenos
Fedhas
Gozag
Hepliaklqana
Kikubaaqudgha
Makhleb
Ru
Sif Muna
Uskayaw
Vehumet
Wu Jian
Xom

Shops:
D:2 [

Annotations:
D:3 1 runed translucent door, Crazy Yiuf
D:5 2 transporters, Edmund


Message History

Aiming: Magic Dart (safe; 1% risk of failure)
Press: ? - help, Shift-Dir - straight line, f/p - Edmund
Aim: Edmund, wielding a +1 heavy flail and wearing a +2 leather armour of fire resistance (noxious fumes, 100% to hit)
The magic dart hits Edmund.
Edmund is lightly wounded.
Edmund is engulfed in noxious fumes.
Edmund appears confused.
Edmund closely misses you.
Edmund hits himself but does no damage.
You hit Edmund.
Edmund is lightly wounded.
You hit Edmund. You punch Edmund, but do no damage.
Edmund is lightly wounded.
Edmund hits you with a +1 heavy flail!
Huge Dmg: -30%(-11hp) hp: 70%(25hp)
You hit Edmund but do no damage.
Edmund is lightly wounded.
Edmund hits you with a +1 heavy flail.
Edmund barely misses himself.
Damage: -11%(-4hp) hp: 59%(21hp)
You are too injured to fight recklessly!
Unknown command.
You hit Edmund.
Edmund is moderately wounded.
You hit Edmund but do no damage.
Edmund is moderately wounded.
You slash Edmund!
Edmund is moderately wounded.
Edmund says, "I'm a little confused."
Edmund hits you with a +1 heavy flail!!
Ouch! That really hurt!
* * * LOW HITPOINT WARNING * * *
Huge Dmg: -56%(-20hp) hp: 6%(2hp) Edmund seems less confused.
It was a potion of enlightenment.
You feel more buoyant. Edmund hits you with a +1 heavy flail.
* * * LOW HITPOINT WARNING * * *
Huge Dmg: -3%(-1hp) hp: 6%(2hp) It was a potion of ambrosia.
You are confused.
You feel invigorated. Edmund hits you with a +1 heavy flail!
You die...

#########.....
#######..........[..
...........####.....
#######.##..........
#....>.##..........
#.#######.######.## #.#
#.## #.## #.# #..## #.##
#@# #####...####.## #@#
#.....©......##
.#####.###.#########..##
#.........#.#8P$©$P8#..##
#######.#.#.#P..?..P#..##
#.#.#.####+####..##
#.#.#.#5≈...≈.#..##
..#.#.#o≈...≈o#..##
###.#.#5≈~~~≈5#..##


You could see Edmund.

Vanquished Creatures
  An ogre (D:5)
  3 phantoms
  A scorpion (D:5)
  A jelly (D:5)
  Ijyb (D:5)
  An orc wizard (D:4)
  Natasha (D:3)
  4 adders
  3 gnolls
  A white imp (D:5)
  3 dart slugs
  2 orcs (D:4)
  4 ball pythons
  7 endoplasms
  3 giant cockroaches
  8 goblins
  3 hobgoblins
  14 jackals
  5 quokkas
  2 bats (D:3)
  3 frilled lizards
  6 kobolds
  4 rats
81 creatures vanquished.

Notes
Turn   | Place    | Note
-------+----------+-------------------------------------------
     0 | D:1      | RepHenryClay the Deep Elf Hedge Wizard began the quest for
                  | the Orb.
     0 | D:1      | Reached XP level 1. HP: 10/10 MP: 7/7
   330 | D:1      | Reached skill level 2 in Conjurations
   418 | D:1      | Reached XP level 2. HP: 14/15 MP: 0/9
   748 | D:1      | Learned a level 2 spell: Blink
   820 | D:1      | Found a faded altar of an unknown god.
   857 | D:1      | Reached skill level 3 in Conjurations
  1108 | D:1      | Reached XP level 3. HP: 19/19 MP: 6/10
  1484 | D:2      | Learned a level 3 spell: Mephitic Cloud
  1580 | D:2      | Reached skill level 4 in Conjurations
  1596 | D:1      | Reached XP level 4. HP: 8/24 MP: 9/12
  2021 | D:2      | Found Ziannin's Antique Armour Shoppe.
  2593 | D:3      | Found a runed translucent door.
  2594 | D:3      | Noticed Crazy Yiuf
  2779 | D:3      | Noticed Natasha
  2789 | D:3      | Killed Natasha
  2790 | D:3      | Reached skill level 5 in Conjurations
  2850 | D:3      | Found a shadowy altar of Dithmenos.
  2942 | D:3      | Reached XP level 5. HP: 28/28 MP: 9/13
  3359 | D:4      | Found a staircase to the Ecumenical Temple.
  3386 | Temple   | Entered the Ecumenical Temple
  3401 | Temple   | Became a worshipper of Sif Muna the Loreminder
  3594 | D:4      | Noticed a phantom
  3616 | D:4      | Killed a phantom
  3617 | D:4      | Reached skill level 6 in Conjurations
  3838 | D:4      | Reached XP level 6. HP: 29/32 MP: 11/14
  4340 | D:5      | Entered Level 5 of the Dungeon
  4445 | D:5      | Found a transporter.
  4448 | D:5      | Found a transporter.
  4479 | D:5      | Noticed Ijyb
  4493 | D:5      | Killed Ijyb
  4535 | D:5      | Reached skill level 7 in Conjurations
  4805 | D:5      | Reached skill level 8 in Conjurations
  4805 | D:5      | Reached XP level 7. HP: 36/36 MP: 1/15
  5004 | D:5      | Noticed Edmund
  5029 | D:5      | Slain by Edmund

Illustrated notes

Levels and vault maps discovered:
D:1:      wander_arrival_estate, layout_loops_ring,
          ebering_ecumenical_altar_sacrificial
D:2:      layout_loops_ring, serial_shops, nicolae_shop_waterfront
D:3:      layout_basic, nicolae_dithmenos_through_a_glass_darkly,
          minmay_quantized, uniq_natasha, uniq_crazy_yiuf_cottage
D:4:      layout_basic, minmay_temple_entry_drinking_statues
D:5:      gammafunk_wand_slinger, layout_loops_ring, kennysheep_big_empty_room,
          minmay_hedge_maze, minmay_misc_feat_tiny, uniq_edmund, uniq_ijyb
Temple:   cyrus_circular_temple

Skill      XL: |  1  2  3  4  5  6 |
---------------+-------------------+-----
Conjurations   | 2 3 4 5 6 8 |  8.6
Dodging        | |  2.4
Stealth        | |  2.4
Spellcasting   | |  4.4
Summonings     | |  1.1
Translocations | |  1.1

Action                     |  1- 3 |  4- 6 |  7- 9 || total
---------------------------+-------+-------+-------++-------
  Melee: Dagger            |     5 |     6 |       ||    11
         Demon blade       |       |    15 |     6 ||    21
         Punch             |       |       |     1 ||     1
   Cast: Magic Dart        |   104 |   114 |     8 ||   226
         Mephitic Cloud    |       |     4 |     1 ||     5
         Blink             |       |     2 |       ||     2
    Use: Potion            |     1 |     1 |     2 ||     4
 Armour: Robe              |     5 |     6 |     2 ||    13
  Dodge: Dodged            |    19 |    13 |     1 ||    33

Table legend: (Time is in decaauts)
 A = Elapsed time spent in this place.
 B = Non-inter-level travel time spent in this place.
 C = Inter-level travel time spent in this place.
 D = Time resting spent in this place.
 E = Time spent auto-exploring this place.
 F = Levels seen in this place.
 G = Mean time per level.
                   A        B        C        D        E       F      G
               +--------+--------+--------+--------+--------+-----+--------+
         Total |   5034 |   4834 |    200 |    191 |   4012 |   6 |  839.0 |
       Dungeon |   5003 |   4831 |    172 |    191 |   4012 |   5 | 1000.6 |
        Temple |     30 |      2 |     28 |      0 |      0 |   1 |   30.0 |
               +--------+--------+--------+--------+--------+-----+--------+

Top non-repeatable levels by time:
     D:1: 1304 daAuts
     D:2: 1098 daAuts
     D:4: 966 daAuts
     D:3: 942 daAuts
     D:5: 692 daAuts
  Temple: 30 daAuts
